PA
COLUMBIA RIVER RATS @ WASHINGTON GENERALS
08/28/2026
 
TOP OF THE 1ST
Columbia River Rats batting - Pitching for Washington Generals : LHP Daniel Ryan
Pitching: LHP Daniel Ryan
Batting: RHB Víctor Hernández 0-0: Ground out 5-3 (Groundball, 56S)
Batting: RHB Mario Jacome 0-0: Called Strike
0-1: Foul Ball, location: 2F
0-2: Ball
1-2: Foul Ball, location: 2F
1-2: Foul Ball, location: 2F
1-2: Ground out 6-3 (Groundball, 6)
Batting: RHB JoJo Victory 0-0: Ball
1-0: Ball
2-0: Ball
3-0: Base on Balls
Batting: SHB Robert Hillier 0-0: Ball
1-0: SINGLE (Groundball, 3D)
JoJo Victory to second
Throwing error, E9
JoJo Victory scores
Robert Hillier to second
Batting: RHB Paco Muñóz 0-0: Called Strike
0-1: Ball
1-1: Foul Ball, location: 2F
1-2: Ball
2-2: Ball
3-2: Foul Ball, location: 2F
3-2: Ground out 6-3 (Groundball, 6)
Top of the 1st over - 1 run(s), 1 hit(s), 1 error(s), 1 left on base; Columbia 1 - Washington 0
BOTTOM OF THE 1ST
Washington Generals batting - Pitching for Columbia River Rats : RHP Danial Apodaca
Pitching: RHP Danial Apodaca
Batting: SHB Dennis Barraclough 0-0: Ball
1-0: Ball
2-0: Called Strike
2-1: Swinging Strike
2-2: Foul Ball, location: 2F
2-2: Ball
3-2: Foul Ball, location: 2F
3-2: Ground out 4-3 (Groundball, 34)
Batting: RHB Ken Bone 0-0: Ball
1-0: Fly out, F9 (Line Drive, 9)
Batting: RHB Nick Boyd 0-0: Ball
1-0: Called Strike
1-1: Fly out, F7 (Flyball, 7S)
Bottom of the 1st over - 0 run(s), 0 hit(s), 0 error(s), 0 left on base; Columbia 1 - Washington 0
TOP OF THE 2ND
Columbia River Rats batting - Pitching for Washington Generals : LHP Daniel Ryan
Batting: RHB Richard Blackburn 0-0: Foul Ball, location: 2F
0-1: Foul Ball, location: 2F
0-2: Foul Ball, location: 2F
0-2: SINGLE (Line Drive, 56)
Batting: RHB Miguel Delgado 0-0: Foul Ball, location: 2F
0-1: Ball
1-1: Swinging Strike
1-2: Ball
2-2: Ball
3-2: Foul Ball, location: 2F
3-2: Fielders Choice at 2nd, 4-6 (Groundball, 4M)
Batting: RHB Fernando Arévalo 0-0: Ball
1-0: Called Strike
1-1: Called Strike
1-2: Strikes out swinging
Batting: RHB Bill Tan 0-0: Called Strike
0-1: Ball
1-1: Called Strike
1-2: Foul Ball, location: 2F
1-2: Strikes out swinging
Top of the 2nd over - 0 run(s), 1 hit(s), 0 error(s), 1 left on base; Columbia 1 - Washington 0
BOTTOM OF THE 2ND
Washington Generals batting - Pitching for Columbia River Rats : RHP Danial Apodaca
Batting: RHB Wilbur Kramer 0-0: Fly out, F4 (Line Drive, 4)
Batting: RHB Brant Thigpen 0-0: Ball
1-0: Ball
2-0: SINGLE (Groundball, 4MD)
Batting: RHB Roberto Aguirre 0-0: Ball
1-0: Foul Ball, location: 2F
1-1: SINGLE (Groundball, 6MD)
Brant Thigpen to second
Batting: RHB Mike Isley 0-0: Fly out, F8 (Flyball, 8LM)
Batting: RHB Ángel Castro 0-0: Ball
1-0: Foul Ball, location: 2F
1-1: Ball
2-1: Ball
3-1: Base on Balls
Brant Thigpen to third
Roberto Aguirre to second
Batting: RHB Michael Douglas 0-0: Ball
1-0: Swinging Strike
1-1: Swinging Strike
1-2: Foul Ball, location: 2F
1-2: Strikes out swinging
Bottom of the 2nd over - 0 run(s), 2 hit(s), 0 error(s), 3 left on base; Columbia 1 - Washington 0
TOP OF THE 3RD
Columbia River Rats batting - Pitching for Washington Generals : LHP Daniel Ryan
Batting: RHB Víctor Hernández 0-0: Called Strike
0-1: Ball
1-1: Ball
2-1: Foul Ball, location: 2F
2-2: SINGLE (Flyball, 89S)
Batting: RHB Mario Jacome 0-0: Ball
Víctor Hernández is caught stealing 2nd base
1-0: Foul Ball, location: 2F
1-1: Called Strike
1-2: Strikes out swinging
Batting: RHB JoJo Victory 0-0: Ball
1-0: Ball
2-0: Called Strike
2-1: Foul Ball, location: 2F
2-2: Foul Ball, location: 2F
2-2: Foul Ball, location: 2F
2-2: Foul Ball, location: 2F
2-2: Ball
3-2: Base on Balls
Batting: SHB Robert Hillier 0-0: Ball
JoJo Victory is caught stealing 2nd base
Top of the 3rd over - 0 run(s), 1 hit(s), 0 error(s), 0 left on base; Columbia 1 - Washington 0
BOTTOM OF THE 3RD
Washington Generals batting - Pitching for Columbia River Rats : RHP Danial Apodaca
Batting: SHB Dennis Barraclough 0-0: Swinging Strike
0-1: Foul Ball, location: 2F
0-2: Strikes out looking
Batting: RHB Ken Bone 0-0: Ball
1-0: Ground out 4-3 (Groundball, 4S)
Batting: RHB Nick Boyd 0-0: Called Strike
0-1: Ball
1-1: Ground out 6-3 (Groundball, 6)
Bottom of the 3rd over - 0 run(s), 0 hit(s), 0 error(s), 0 left on base; Columbia 1 - Washington 0
TOP OF THE 4TH
Columbia River Rats batting - Pitching for Washington Generals : LHP Daniel Ryan
Batting: SHB Robert Hillier 0-0: Swinging Strike
0-1: Swinging Strike
0-2: Strikes out swinging
Batting: RHB Paco Muñóz 0-0: Ball
1-0: Ball
2-0: Called Strike
2-1: Ball
3-1: Called Strike
3-2: Base on Balls
Batting: RHB Richard Blackburn 0-0: Ball
1-0: Foul Ball, location: 2F
1-1: Ball
2-1: Ball
3-1: Foul Ball, location: 2F
3-2: Base on Balls
Paco Muñóz to second
Batting: RHB Miguel Delgado 0-0: Fly out, F8 (Flyball, 8RD)
Runner from 2nd tags up, SAFE at 3rd, no throw
Batting: RHB Fernando Arévalo 0-0: Ball
1-0: Ball
2-0: Ball
3-0: Called Strike
3-1: Base on Balls
Richard Blackburn to second
Batting: RHB Bill Tan 0-0: Ball
1-0: Called Strike
1-1: Fly out, F4 (Popup, 4)
Top of the 4th over - 0 run(s), 0 hit(s), 0 error(s), 3 left on base; Columbia 1 - Washington 0
BOTTOM OF THE 4TH
Washington Generals batting - Pitching for Columbia River Rats : RHP Danial Apodaca
Batting: RHB Wilbur Kramer 0-0: Foul Ball, location: 2F
0-1: Called Strike
0-2: Fly out, F8 (Flyball, 89M)
Batting: RHB Brant Thigpen 0-0: Ball
1-0: Ball
2-0: Foul Ball, location: 2F
2-1: Foul Ball, location: 2F
2-2: Foul Ball, location: 2F
2-2: Strikes out swinging
Batting: RHB Roberto Aguirre 0-0: Called Strike
0-1: Ball
1-1: Ball
2-1: Ball
3-1: Foul Ball, location: 2F
3-2: Foul Ball, location: 2F
3-2: Foul Ball, location: 2F
3-2: Base on Balls
Batting: RHB Mike Isley 0-0: Foul Ball, location: 2F
0-1: Called Strike
0-2: Ball
Roberto Aguirre steals 2nd base
1-2: Ball
2-2: Foul Ball, location: 2F
2-2: Ground out 6-3 (Groundball, 6)
Bottom of the 4th over - 0 run(s), 0 hit(s), 0 error(s), 1 left on base; Columbia 1 - Washington 0
TOP OF THE 5TH
Columbia River Rats batting - Pitching for Washington Generals : LHP Daniel Ryan
Batting: RHB Víctor Hernández 0-0: Foul Ball, location: 2F
0-1: Fly out, F9 (Flyball, 9LSF)
Batting: RHB Mario Jacome 0-0: Ball
1-0: Called Strike
1-1: Swinging Strike
1-2: Strikes out looking
Batting: RHB JoJo Victory 0-0: Called Strike
0-1: Ball
1-1: Ball
2-1: Swinging Strike
2-2: Strikes out swinging
Top of the 5th over - 0 run(s), 0 hit(s), 0 error(s), 0 left on base; Columbia 1 - Washington 0
BOTTOM OF THE 5TH
Washington Generals batting - Pitching for Columbia River Rats : RHP Danial Apodaca
Batting: RHB Ángel Castro 0-0: DOUBLE (Line Drive, 78M)
Batting: RHB Michael Douglas 0-0: Ball
1-0: Foul Ball, location: 2F
1-1: Swinging Strike
1-2: Foul Ball, location: 2F
1-2: Ball
2-2: Ball
3-2: Foul Ball, location: 2F
3-2: Base on Balls
Batting: SHB Dennis Barraclough 0-0: Fly out, F4 (Line Drive, 4)
Batting: RHB Ken Bone 0-0: Ball
1-0: Called Strike
1-1: Called Strike
1-2: Strikes out looking
Batting: RHB Nick Boyd 0-0: Foul Ball, location: 2F
0-1: Called Strike
0-2: SINGLE (Groundball, 4MD)
Ángel Castro to third
Michael Douglas to second
Runner from 3rd tries for Home, SAFE, no throw
Batting: RHB Wilbur Kramer 0-0: Called Strike
0-1: Ball
1-1: Called Strike
1-2: Ball
2-2: Ball
3-2: Foul Ball, location: 2F
3-2: Fly out, F4 (Popup, 4MD)
Bottom of the 5th over - 1 run(s), 2 hit(s), 0 error(s), 2 left on base; Columbia 1 - Washington 1
TOP OF THE 6TH
Columbia River Rats batting - Pitching for Washington Generals : LHP Daniel Ryan
Batting: SHB Robert Hillier 0-0: Ball
1-0: Foul Ball, location: 2F
1-1: Ground out 4-3 (Groundball, 34)
Batting: RHB Paco Muñóz 0-0: Ball
1-0: Called Strike
1-1: Ball
2-1: Called Strike
2-2: Ground out 6-3 (Groundball, 56)
Batting: RHB Richard Blackburn 0-0: Ball
1-0: Foul Ball, location: 2F
1-1: Fly out, F9 (Flyball, 9)
Top of the 6th over - 0 run(s), 0 hit(s), 0 error(s), 0 left on base; Columbia 1 - Washington 1
BOTTOM OF THE 6TH
Washington Generals batting - Pitching for Columbia River Rats : RHP Danial Apodaca
Batting: RHB Brant Thigpen 0-0: Swinging Strike
0-1: Ball
1-1: Ball
2-1: Called Strike
2-2: Fly out, F8 (Flyball, 89S)
Batting: RHB Roberto Aguirre 0-0: Swinging Strike
0-1: Ground out 4-3 (Groundball, 4)
Batting: RHB Mike Isley 0-0: Ball
1-0: Ball
2-0: Called Strike
2-1: Ball
3-1: SINGLE (Line Drive, 9S)
Batting: RHB Ángel Castro 0-0: Called Strike
Mike Isley steals 2nd base
0-1: Ball
1-1: Ball
2-1: Ball
3-1: Ground out 2-3 (Groundball, 15S)
Bottom of the 6th over - 0 run(s), 1 hit(s), 0 error(s), 1 left on base; Columbia 1 - Washington 1
TOP OF THE 7TH
Columbia River Rats batting - Pitching for Washington Generals : LHP Daniel Ryan
Pitching: RHP Inocencio Galló
Batting: RHB Miguel Delgado 0-0: Ball
1-0: Called Strike
1-1: Foul Ball, location: 2F
1-2: Ball
2-2: Fly out, F6 (Line Drive, 6)
Pinch Hitting: RHB Jim Unknown 0-0: Ball
1-0: Ball
2-0: Fly out, F9 (Flyball, 89M)
Batting: RHB Bill Tan 0-0: Foul Ball, location: 2F
0-1: Ball
1-1: Foul Ball, location: 2F
1-2: Foul Ball, location: 2F
1-2: Strikes out swinging
Top of the 7th over - 0 run(s), 0 hit(s), 0 error(s), 0 left on base; Columbia 1 - Washington 1
BOTTOM OF THE 7TH
Washington Generals batting - Pitching for Columbia River Rats : RHP Danial Apodaca
Pitching: RHP Toshiharu Kuhabara
Now at 1B: Jim Unknown
Batting: RHB Michael Douglas 0-0: Called Strike
0-1: Foul Ball, location: 2F
0-2: Strikes out swinging
Batting: SHB Dennis Barraclough 0-0: Swinging Strike
0-1: Ball
1-1: Called Strike
1-2: Strikes out swinging
Batting: RHB Ken Bone 0-0: Called Strike
0-1: Foul Ball, location: 2F
0-2: Ball
1-2: Ball
2-2: Foul Ball, location: 2F
2-2: Foul Ball, location: 2F
2-2: Foul Ball, location: 2F
2-2: Foul Ball, location: 2F
2-2: Foul Ball, location: 2F
2-2: Ball
3-2: Base on Balls
Batting: RHB Nick Boyd 0-0: Called Strike
0-1: Foul Ball, location: 2F
0-2: Ball
1-2: Foul Ball, location: 2F
1-2: Ball
2-2: SINGLE (Groundball, 4MD)
Ken Bone to second
Runner from 2nd tries for 3rd, SAFE, throw made to third
Pinch Hitting: RHB Raúl García 0-0: Ball
1-0: Ball
2-0: Ball
3-0: Base on Balls
Nick Boyd to second
Batting: RHB Brant Thigpen 0-0: Ball
1-0: Swinging Strike
1-1: Fly out, F2 (Popup, 34S)
Bottom of the 7th over - 0 run(s), 1 hit(s), 0 error(s), 3 left on base; Columbia 1 - Washington 1
TOP OF THE 8TH
Columbia River Rats batting - Pitching for Washington Generals : RHP Inocencio Galló
Now at SS: Pedro Villarreal
Pinch Hitting: SHB Mark Towns 0-0: Called Strike
0-1: Ground out 4-3 (Groundball, 4)
Batting: RHB Mario Jacome 0-0: Swinging Strike
0-1: Ground out 6-3 (Groundball, 6)
Batting: RHB JoJo Victory 0-0: Called Strike
0-1: Ball
1-1: Fly out, F7 (Flyball, 7)
Top of the 8th over - 0 run(s), 0 hit(s), 0 error(s), 0 left on base; Columbia 1 - Washington 1
BOTTOM OF THE 8TH
Washington Generals batting - Pitching for Columbia River Rats : RHP Toshiharu Kuhabara
Now at SS: Gil Simmons
Pinch Hitting: RHB Gustavo González 0-0: Foul Ball, location: 2F
0-1: Ball
1-1: Ball
2-1: Swinging Strike
2-2: Strikes out swinging
Pinch Hitting: RHB Trevor O'Herlihy 0-0: Called Strike
0-1: Foul Ball, location: 2F
0-2: Ball
1-2: Foul Ball, location: 2F
1-2: SINGLE (Groundball, 6MD)
Pinch Hitting: RHB Jim Unknown 0-0: Called Strike
0-1: Swinging Strike
0-2: Strikes out swinging
Batting: RHB Michael Douglas 0-0: Foul Ball, location: 2F
0-1: Fielders Choice at 2nd, 6-4 (Groundball, 6)
Bottom of the 8th over - 0 run(s), 1 hit(s), 0 error(s), 0 left on base; Columbia 1 - Washington 1
TOP OF THE 9TH
Columbia River Rats batting - Pitching for Washington Generals : RHP Inocencio Galló
Pitching: LHP Arnold Safi
Now at 3B: Jim Unknown
Now in LF: Jim Unknown
Now in RF: Alonso Vielma
Pinch Hitting: RHB Marcos Rico 0-0: Called Strike
0-1: Called Strike
0-2: Foul Ball, location: 2F
0-2: Ball
1-2: Foul Ball, location: 2F
1-2: Ground out 5-3 (Groundball, 56)
Batting: RHB Paco Muñóz 0-0: Ball
1-0: Ball
2-0: Called Strike
2-1: Swinging Strike
2-2: Foul Ball, location: 2F
2-2: Strikes out swinging
Pinch Hitting: RHB José Valéncia 0-0: Called Strike
0-1: Ball
1-1: Foul Ball, location: 2F
1-2: Ball
2-2: Foul Ball, location: 2F
2-2: Foul Ball, location: 2F
2-2: Fly out, F4 (Line Drive, 4)
Top of the 9th over - 0 run(s), 0 hit(s), 0 error(s), 0 left on base; Columbia 1 - Washington 1
BOTTOM OF THE 9TH
Washington Generals batting - Pitching for Columbia River Rats : RHP Toshiharu Kuhabara
Pitching: LHP José Fuentes
Now at 2B: Marcos Rico
Now at SS: Yves Girard
Batting: SHB Dennis Barraclough 0-0: Called Strike
0-1: Ball
1-1: Foul Ball, location: 2F
1-2: Foul Ball, location: 2F
1-2: Strikes out looking
Batting: RHB Ken Bone 0-0: Called Strike
0-1: Swinging Strike
0-2: SINGLE (Line Drive, 6MD)
Batting: RHB Nick Boyd 0-0: Called Strike
0-1: Fly out, F8 (Flyball, 8RM)
Batting: SHB Pedro Villarreal 0-0: Ball
1-0: Called Strike
1-1: Ball
2-1: SINGLE (Groundball, 34D)
Ken Bone to second
Runner from 2nd tries for 3rd, SAFE, throw made to third
Batting: RHB Brant Thigpen 0-0: Called Strike
Pedro Villarreal steals 2nd base
0-1: Swinging Strike
0-2: Ball
1-2: Foul Ball, location: 2F
1-2: Ball
Balk!
Ken Bone scores
Monday, March 20th, 2017 - OOTP Baseball 17.12 Build 75